 Dungeon Crawl Stone Soup version 0.31-a0-640-g39d97e502b (webtiles) character file.

Game seed: 16337774517720733248

263 qw the Shooter (level 6, -2/37 HPs)
             Began as a Gargoyle Hunter on Aug 27, 2023.
             Slain by an ogre
             ... wielding a +0 giant club
              (9 damage)
             ... on level 4 of the Dungeon.
             The game lasted 00:01:04 (2767 turns).

qw the Shooter (Gargoyle Hunter)                    Turns: 2767, Time: 00:01:05

Health: -2/37      AC:  8    Str: 14    XL:     6   Next: 19%
Magic:  6/6        EV: 11    Int: 10    God:
Gold:   181        SH:  0    Dex: 15    Spells: 5/5 levels left

rFire   . . .        Y - +0 shortbow
rCold   . . .        (shield currently unavailable)
rNeg    + . .        c - +0 leather armour
rPois   inf          (no helmet)
rElec   +            (no cloak)
rCorr   .            (no gloves)
SInv    .            a - +0 pair of boots
Will    .....        (no amulet)
Stlth   ++           (no ring)
HPRegen 0.26/turn    (no ring)
MPRegen 0.10/turn

%: no passive effects
@: about to teleport
A: sickness immunity, AC +4, negative energy resistance 1, electricity
resistance, torment resistance 1, petrification resistance
a: no special abilities


You were on level 4 of the Dungeon.
You visited 1 branch of the dungeon, and saw 4 of its levels.

You collected 181 gold pieces.


Innate Abilities, Weirdness & Mutations

You are immune to sickness and miasma.
Your stone body is resilient. (AC +4)
You are immune to poison.
You resist negative energy. (rN+)
You are resistant to electric shocks. (rElec)
You are resistant to unholy torment.
You are immune to petrification.


   Skills:
 + Level 3.5 Fighting
 - Level 6.6 Ranged Weapons
 - Level 1.0 Armour
 - Level 1.5 Dodging
 - Level 1.1 Stealth


You had 5 spell levels left.
You didn't know any spells.
Your spell library was empty.

Inventory:

Hand Weapons
 Y - a +0 shortbow (weapon)
Armour
 a - a +0 pair of boots (worn)
 c - a +0 leather armour (worn)
Scrolls
 b - a scroll of brand weapon {unknown}
Potions
 d - a potion of heal wounds {unknown}
 e - a potion of curing {unknown}
 f - a potion of ambrosia {unknown}
 g - a potion of attraction {unknown}
 j - a potion of might {unknown}

Dungeon Overview and Level Annotations

Branches:
Dungeon (4/15)
 Temple: D:4-7

Altars:
Elyvilon
Nemelex Xobeh
Trog
Wu Jian
The Shining One

Shops:
D:1 ?


Message History

You shoot an arrow. The arrow hits the adder!
You kill the adder!
You start resting.
HP restored.
Found a leather armour.
Found a stone staircase leading up.
Enter note: An ogre comes into view. It is wielding a +0 giant club.
You shoot an arrow.
The arrow hits the ogre but does no damage.
The ogre shouts!
You shoot an arrow. The arrow completely misses the ogre.
You shoot an arrow. The arrow hits the ogre.
The ogre is lightly wounded.
You shoot an arrow. The arrow hits the ogre!
The ogre is heavily wounded.
The ogre hits you with a +0 giant club!
You shoot an arrow. The arrow barely misses the ogre.
You shoot an arrow. The arrow barely misses the ogre.
The ogre barely misses you.
You shoot an arrow. The arrow barely misses the ogre.
The ogre closely misses you.
You shoot an arrow. The arrow hits the ogre.
The ogre is severely wounded.
The ogre barely misses you.
You shoot an arrow. The arrow hits the ogre.
The ogre is almost dead.
You shoot an arrow. The arrow hits the ogre.
The ogre is almost dead.
The ogre hits you with a +0 giant club!
You shoot an arrow. The arrow completely misses the ogre.
The ogre hits you with a +0 giant club.
2766 ||| READING scroll of teleportation.
As you read the scroll of teleportation, it crumbles to dust.
You feel strangely unstable.
You shoot an arrow.
The arrow hits the ogre but does no damage.
The ogre is almost dead.
The ogre hits you with a +0 giant club!
You die...

............## ##
....###.##### .###
.. .> #.# ...#.#.
###.# .<..#.####
#...#
#.......###%#######
#[... #............
#...O##)......#####
#....@..#.....#
#.../..##...#####
..#....#...%.#
#...........#
#....(......#
#...#.......#
#...##.....## ####
#.....# .......


You could see an ogre.

Vanquished Creatures
  A black bear (D:4)
  Natasha (thrice) (D:2)
  3 adders
  2 worms
  A dart slug (D:4)
  4 endoplasms
  A giant cockroach (D:3)
  5 goblins
  7 hobgoblins
  3 jackals (D:3)
  2 quokkas (D:2)
  6 ball pythons
  6 bats
  7 frilled lizards
  4 kobolds
  5 rats
60 creatures vanquished.

Notes
Turn   | Place    | Note
-------+----------+-------------------------------------------
     0 | D:1      | qw the Gargoyle Hunter began the quest for the Orb.
     0 | D:1      | Reached XP level 1. HP: 12/12 MP: 1/1
     0 | D:1      | 0 ||| qw: Version: 0.3-a-74-g0d5e918
     0 | D:1      | 0 ||| qw: Game counter: 49
     0 | D:1      | 0 ||| qw: Melee chars always use a shield: true
     0 | D:1      | 0 ||| qw: God list: Okawaru
     0 | D:1      | 0 ||| qw: Allow faded altars: false
     0 | D:1      | 0 ||| qw: Do Orc after clearing Dungeon:15 true
     0 | D:1      | 0 ||| qw: Do second Lair branch before Depths: true
     0 | D:1      | 0 ||| qw: Lair rune preference: random
     0 | D:1      | 0 ||| qw: Goals: Normal
     0 | D:1      | 0 ||| PLANNING D:1-11
   128 | D:1      | 128 ||| Stepping ~*~*~tactically~*~*~ (retreating).
   129 | D:1      | 129 ||| Stepping ~*~*~tactically~*~*~ (retreating).
   135 | D:1      | Reached XP level 2. HP: 14/17 MP: 2/2
   488 | D:1      | Found The Oracle's Delphic Readings.
   494 | D:1      | 494 ||| SHOPLISTING scroll of acquirement (520 gold, have
                  | 81).
   605 | D:1      | 605 ||| READING scroll labelled TYUNA ANGAE.
   606 | D:1      | 606 ||| DROPPING scroll of butterflies.
   649 | D:2      | Reached XP level 3. HP: 21/21 MP: 3/3
   658 | D:2      | Reached skill level 5 in Ranged Weapons
   927 | D:2      | Noticed Natasha
   928 | D:2      | 928 ||| FLEEEEING.
   929 | D:2      | 929 ||| FLEEEEING.
   930 | D:2      | 930 ||| FLEEEEING.
   931 | D:2      | 931 ||| FLEEEEING.
   932 | D:2      | 932 ||| FLEEEEING.
   933 | D:2      | 933 ||| FLEEEEING.
   934 | D:2      | 934 ||| FLEEEEING.
   935 | D:2      | 935 ||| FLEEEEING.
   936 | D:2      | 936 ||| FLEEEEING.
   937 | D:2      | 937 ||| FLEEEEING.
   942 | D:2      | 942 ||| FLEEEEING.
   943 | D:2      | 943 ||| FLEEEEING.
   944 | D:2      | 944 ||| FLEEEEING.
   945 | D:2      | 945 ||| FLEEEEING.
   946 | D:2      | 946 ||| FLEEEEING.
   947 | D:2      | 947 ||| FLEEEEING.
   948 | D:2      | 948 ||| FLEEEEING.
   949 | D:2      | 949 ||| FLEEEEING.
   950 | D:2      | 950 ||| FLEEEEING.
   951 | D:2      | 951 ||| FLEEEEING.
   952 | D:2      | 952 ||| FLEEEEING.
   953 | D:2      | 953 ||| FLEEEEING.
   958 | D:2      | 958 ||| FLEEEEING.
   959 | D:2      | 959 ||| FLEEEEING.
   960 | D:2      | 960 ||| FLEEEEING.
   963 | D:2      | 963 ||| FLEEEEING.
   964 | D:2      | 964 ||| FLEEEEING.
   965 | D:2      | 965 ||| FLEEEEING.
   966 | D:2      | 966 ||| FLEEEEING.
   984 | D:2      | Killed Natasha
   985 | D:2      | Reached skill level 3 in Fighting
   985 | D:2      | Reached XP level 4. HP: 8/28 MP: 4/4
   989 | D:2      | Noticed Natasha
   990 | D:2      | 990 ||| FLEEEEING.
   991 | D:2      | 991 ||| FLEEEEING.
   995 | D:2      | 995 ||| FLEEEEING.
   996 | D:2      | 996 ||| FLEEEEING.
   997 | D:2      | 997 ||| STAIRDANCE
  1065 | D:1      | 1065 ||| UPGRADING to +0 pair of boots.
  1070 | D:1      | 1070 ||| READING scroll labelled WUZ BUIVAY.
  1080 | D:2      | Killed Natasha
  1129 | D:2      | Noticed Natasha
  1131 | D:2      | 1131 ||| FLEEEEING.
  1132 | D:2      | 1132 ||| FLEEEEING.
  1134 | D:2      | 1134 ||| FLEEEEING.
  1135 | D:2      | 1135 ||| FLEEEEING.
  1136 | D:2      | 1136 ||| FLEEEEING.
  1137 | D:2      | 1137 ||| FLEEEEING.
  1139 | D:2      | 1139 ||| FLEEEEING.
  1140 | D:2      | 1140 ||| FLEEEEING.
  1141 | D:2      | 1141 ||| FLEEEEING.
  1142 | D:2      | 1142 ||| FLEEEEING.
  1143 | D:2      | 1143 ||| FLEEEEING.
  1144 | D:2      | 1144 ||| FLEEEEING.
  1145 | D:2      | 1145 ||| FLEEEEING.
  1146 | D:2      | 1146 ||| FLEEEEING.
  1147 | D:2      | 1147 ||| FLEEEEING.
  1151 | D:2      | 1151 ||| FLEEEEING.
  1151 | D:2      | HP: 6/28 [Natasha/puff of flame (3)]
  1152 | D:2      | 1152 ||| FLEEEEING.
  1153 | D:2      | 1153 ||| STAIRDANCE
  1251 | D:2      | Killed Natasha
  1391 | D:2      | Reached XP level 5. HP: 32/32 MP: 5/5
  1770 | D:2      | 1770 ||| READING scroll labelled EZILOE ACWA.
  1864 | D:3      | Found a sparkling altar of Nemelex Xobeh.
  1933 | D:3      | Found a glowing golden altar of the Shining One.
  2005 | D:3      | Found a bloodstained altar of Trog.
  2005 | D:3      | Found an ornate altar of the Wu Jian Council.
  2144 | D:3      | Found a faded altar of an unknown god.
  2406 | D:3      | Found a white marble altar of Elyvilon.
  2610 | D:3      | 2610 ||| READING scroll labelled QUOQOE XEOSU.
  2611 | D:3      | 2611 ||| READING scroll labelled CEIHONW POOJE.
  2612 | D:3      | 2612 ||| READING scroll labelled ANUAN MOLY.
  2632 | D:4      | Noticed a black bear
  2638 | D:4      | 2638 ||| RETREATING.
  2641 | D:4      | Killed a black bear
  2642 | D:4      | Reached skill level 6 in Ranged Weapons
  2642 | D:4      | Reached XP level 6. HP: 30/37 MP: 6/6
  2726 | D:4      | Reached skill level 1 in Armour
  2765 | D:4      | HP: 7/37 [ogre/+0 giant club (5)]
  2766 | D:4      | 2766 ||| READING scroll of teleportation.
  2767 | D:4      | Slain by an ogre

Levels and vault maps discovered:
D:1:      shiori_arrival_oz, layout_rooms, serial_bayou_pond_b,
          kennysheep_doodads, minmay_misc_feat_enclosed,
          nicolae_nh_oracle_at_delphi
D:2:      layout_basic, minmay_between, uniq_natasha
D:3:      layout_basic, nemelex_spade_bored_becter,
          nicolae_elyvilon_peaceful_grove, tso_oasis_becter,
          mainiacjoe_overflow_large_starburst, serial_aquarium,
          aquarium_bridge_island_large [aquarium_subvault_large_open,
          aquarium_subvault_bridge, aquarium_subvault_wall,
          aquarium_subvault_bridge, aquarium_subvault_wall],
          aquarium_bridge_square [aquarium_subvault_window,
          aquarium_subvault_window, aquarium_subvault_bridge,
          aquarium_subvault_bridge], aquarium_window_fake,
          aquarium_window_corner, aquarium_window_1, aquarium_view_2c,
          aquarium_pool_2, basic_ecumenical_altar, minmay_stone_trees_small,
          chequers_serial_rivers_micro_d
D:4:      layout_rooms

Skill      XL: |  1  2  3  4  5  6 |
---------------+-------------------+-----
Ranged Weapons | 5 6 |  6.6
Fighting       | 3 |  3.5
Armour         | 1 |  1.0
Dodging        | |  1.5
Stealth        | |  1.1

Action                     |  1- 3 |  4- 6 || total
---------------------------+-------+-------++-------
   Fire: Shortbow          |    88 |   125 ||   213
    Use: Scroll            |     1 |     6 ||     7
 Armour: Leather armour    |    13 |    16 ||    29
  Dodge: Dodged            |    34 |    50 ||    84

Table legend:
 A = Non-vault XP
 B = Vault XP
 C = Vault XP percentage of total XP
 D = Non-vault monster count
 E = Vault monster count
 F = Vault count percentage of total count
                 A         B        C        D         E       F
            +---------+---------+-------+---------+---------+-------
      Total |     315 |      61 |  16.2 |      46 |      14 |  23.3
            +---------+---------+-------+---------+---------+-------
        D:1 |      16 |      13 |  44.8 |      11 |       8 |  42.1
        D:2 |      93 |      48 |  34.0 |      15 |       6 |  28.6
        D:3 |      35 |       0 |   0.0 |      13 |       0 |   0.0
        D:4 |     171 |       0 |   0.0 |       7 |       0 |   0.0
            +---------+---------+-------+---------+---------+-------
